Map: Lightshade LE

Players

GipsyDanger

  • Race: Terran Terran
  • League: Master

ToolsOfEase - Winner!

  • Race: Zerg Zerg
  • League: Master

VOD

Have the link to the VOD?

Description

Time

  • Played on: Oct. 23, 2021, 9:17 a.m.
  • Length: 18:55
Show
View Real Time Build Order
Export as new Build Order

GipsyDanger Terran 

Build Orders: Reaper Expand 

Get SALT Encoding   

  12  0:00  SCV  
  13  0:12  SCV  
  14  0:17  Supply Depot  
  14  0:24  SCV  
  15  0:38  SCV  
  15  0:40  Barracks  
  16  0:45  Refinery  
  16  0:50  SCV  
  17  1:03  SCV  
  18  1:15  SCV  
  19  1:27  Orbital Command  
  19  1:28  Reaper  
  20  1:45  Command Center  
  20  1:51  Supply Depot  
  20  1:53  SCV  
  21  2:05  Barracks Reactor, Refinery  
  21  2:06  SCV  
  22  2:18  SCV  
  22  2:21  Bunker  
  23  2:26  Factory  
  23  2:30  SCV  
  24  2:42  SCV  
  24  2:43  Marine x2  
  27  2:54  SCV  
  28  3:00  Marine  
  28  3:01  Orbital Command, Marine  
  30  3:08  SCV  
  30  3:10  Factory Reactor, Starport  
  31  3:18  Marine  
  31  3:19  Marine  
  33  3:20  SCV  
  34  3:28  SCV  
  34  3:32  SCV  
  36  3:34  Supply Depot  
  36  3:37  Marine x2  
  36  3:40  SCV  
  39  3:44  SCV  
  40  3:52  SCV  
  40  3:53  Medivac x2  
  45  3:56  Widow Mine, SCV, Marine  
  45  3:57  Marine  
  45  4:01  Supply Depot  
  50  4:04  SCV  
  50  4:07  Fusion Core  
  51  4:11  SCV  
  51  4:14  Marine  
  51  4:15  Marine  
  54  4:19  Supply Depot  
  54  4:23  SCV  
  55  4:29  Refinery  
  55  4:33  Starport Tech Lab  
  55  4:34  Marine  
  55  4:35  Marine  
  55  4:38  Hellion x2  
  61  4:39  SCV  
  61  4:42  SCV  
  63  4:52  SCV  
  64  4:57  Supply Depot  
  64  5:01  Battlecruiser  
  70  5:07  Supply Depot  
  70  5:19  Hellion x2  
  74  5:26  Marine x2  
  59  5:40  Hellion x2  
  61  5:45  Marine  
  62  5:57  Marine  
  57  6:07  Hellion  
  51  6:14  Orbital Command  
  47  6:18  Supply Depot  
  47  6:20  Supply Depot  
  37  6:27  Battlecruiser  
  37  6:32  SCV  
  43  6:36  Barracks Reactor  
  43  6:37  Supply Depot  
  43  6:41  Supply Depot  
  43  6:52  SCV  
  44  6:55  SCV  
  40  7:04  SCV  
  40  7:07  SCV  
  42  7:11  Hellion  
  44  7:16  SCV  
  44  7:18  Marine x2  
  46  7:23  SCV  
  46  7:29  SCV  
  39  7:35  SCV  
  40  7:42  SCV  
  38  7:47  SCV  
  39  7:54  SCV  
  40  8:01  SCV  
  40  8:03  Command Center  
  41  8:06  SCV  
  41  8:08  Hellion  
  44  8:13  SCV  
  44  8:16  Hellion  
  44  8:17  Supply Depot  
  44  8:18  SCV  
  48  8:27  SCV  
  48  8:30  SCV  
  48  8:31  Factory  
  50  8:34  Factory  
  50  8:39  SCV  
  51  8:42  SCV  
  56  8:48  Hellion x2  
  56  8:51  SCV, Supply Depot  
  56  8:52  Armory  
  56  8:54  SCV  
  58  9:02  Viking  
  60  9:06  SCV  
  60  9:08  SCV  
  62  9:15  Factory Tech Lab  
  62  9:19  SCV  
  62  9:22  Factory Tech Lab  
  62  9:23  SCV  
  64  9:28  Engineering Bay  
  64  9:29  Hellion x2  
  68  9:31  SCV  
  68  9:34  Supply Depot  
  68  9:35  Infernal Pre-Igniter, SCV, Supply Depot  
  70  9:44  SCV  
  71  9:47  Siege Tank  
  71  9:52  Orbital Command  
  74  9:56  Engineering Bay  
  74  9:58  Cyclone  
  77  10:03  SCV  
  77  10:06  Supply Depot  
  86  10:07  Mag-Field Accelerator  
  78  10:10  Missile Turret  
  78  10:13  SCV  
  79  10:15  Widow Mine x2  
  83  10:25  SCV  
  85  10:28  SCV x2  
  85  10:31  Terran Vehicle Weapons Level 1  
  86  10:38  Missile Turret  
  86  10:40  Thor  
  90  10:54  Widow Mine  
  90  10:55  SCV  
  83  10:57  Missile Turret x2  
  83  11:03  Thor  
  83  11:05  Supply Depot  
  83  11:09  SCV, Refinery  
  83  11:10  SCV  
  82  11:33  Missile Turret  
  82  11:36  Thor  
  82  11:38  Command Center  
  82  11:39  SCV  
  89  11:49  SCV  
  89  11:50  Armory  
  89  11:51  Hellion  
  89  11:53  SCV x2, Refinery  
  94  11:56  Hellion  
  94  12:01  SCV  
  97  12:05  SCV x2, Supply Depot  
  99  12:13  SCV  
  99  12:15  Siege Tank  
  103  12:17  SCV x2  
  103  12:21  Sensor Tower  
  103  12:22  Siege Tank  
  108  12:25  SCV  
  108  12:27  Missile Turret  
  108  12:29  SCV  
  110  12:33  SCV  
  110  12:34  Refinery  
  110  12:36  Supply Depot  
  111  12:39  Hellion x2  
  115  12:50  Factory  
  115  12:52  Factory  
  115  12:54  Thor  
  118  13:07  Missile Turret, SCV x2  
  118  13:11  SCV  
  118  13:12  SCV  
  110  13:30  SCV  
  112  13:35  Armory  
  112  13:36  Armory  
  112  13:38  Planetary Fortress  
  109  13:42  Refinery  
  109  13:49  Siege Tank  
  109  13:50  Hellion, Siege Tank  
  109  13:51  SCV x3  
  120  14:03  SCV x3  
  120  14:06  Factory Tech Lab x2  
  123  14:10  Missile Turret x2  
  123  14:15  SCV x2  
  125  14:20  SCV x2  
  127  14:25  Missile Turret x2  
  124  14:32  Thor  
  124  14:33  Thor  
  124  14:34  SCV x2  
  129  14:40  SCV x2  
  120  14:46  SCV x2  
  120  14:52  SCV x2  
  124  14:58  SCV  
  125  15:02  SCV  
  126  15:10  Command Center, Terran Vehicle Weapons Level 2  
  126  15:12  Terran Vehicle And Ship Armor Level 1  
  126  15:15  Thor x2  
  138  15:22  Thor  
  129  15:38  SCV x3  
  127  15:47  SCV  
  127  15:48  Missile Turret  
  128  15:51  Missile Turret  
  128  15:54  Thor  
  122  15:58  Thor  
  119  16:08  Thor  
  103  16:19  SCV  
  99  16:27  SCV x2  
  89  16:39  Thor  
  82  16:53  SCV  
  83  16:54  Refinery  
  83  16:56  Thor  
  83  16:57  SCV, Refinery  
  89  17:03  Planetary Fortress  
  89  17:06  Hellion x2  
  92  17:12  SCV  
  92  17:13  SCV  
  94  17:19  Missile Turret  
  94  17:20  Missile Turret  
  94  17:35  Thor  
  87  17:39  SCV  
  85  17:44  SCV  
  85  17:48  SCV  
  87  17:55  SCV  
  87  17:56  SCV  
  89  18:01  Siege Tank  
  92  18:08  Hellion  
  92  18:09  SCV  
  83  18:28  SCV x2  
  83  18:30  Hellion  
Show
View Real Time Build Order
Export as new Build Order

ToolsOfEase Zerg - Winner!

Build Orders: Hatch First 

Get SALT Encoding   

  12  0:00  Drone  
  13  0:12  Overlord  
  13  0:17  Drone  
  14  0:30  Drone x2  
  16  0:49  Hatchery  
  15  0:51  Drone  
  15  0:55  Drone  
  17  0:58  Drone  
  18  1:09  Extractor  
  17  1:13  Spawning Pool  
  17  1:16  Drone  
  17  1:19  Drone  
  18  1:28  Drone  
  19  1:38  Drone  
  20  1:49  Drone  
  21  2:01  Queen x2  
  23  2:02  Zergling x4  
  27  2:14  Hatchery  
  26  2:18  Overlord  
  27  2:22  Drone  
  27  2:23  Drone  
  28  2:36  Drone x3  
  31  2:41  Queen  
  33  2:45  Overlord  
  33  2:58  Drone x3  
  36  2:59  Metabolic Boost  
  36  3:12  Drone x5  
  41  3:17  Queen  
  43  3:21  Overlord  
  43  3:23  Overlord  
  43  3:27  Extractor  
  43  3:28  Queen  
  44  3:36  Roach Warren  
  43  3:43  Drone x5  
  48  3:55  Drone x6  
  54  4:03  Overlord x2  
  54  4:16  Overlord  
  54  4:20  Roach x6  
  66  4:32  Roach x3  
  66  4:35  Overlord  
  66  4:38  Zergling x12  
  78  4:49  Zergling x10  
  83  4:53  Ravager x2  
  85  5:01  Overlord  
  85  5:02  Overlord x2  
  85  5:07  Ravager  
  85  5:13  Zergling x24  
  75  5:47  Ravager x2  
  72  5:50  Zergling x24  
  72  5:51  Zergling x4  
  86  6:03  Hatchery  
  61  6:19  Queen x2  
  50  6:34  Zergling x12  
  50  6:35  Hatchery  
  53  6:40  Spawning Pool  
  53  6:46  Spore Crawler  
  51  6:47  Spore Crawler  
  44  7:05  Drone x3  
  44  7:06  Drone  
  43  7:31  Drone  
  43  7:32  Drone x9  
  51  7:40  Hatchery  
  46  7:46  Lair  
  46  7:49  Drone x5  
  48  8:07  Drone x7  
  55  8:23  Drone x5  
  55  8:26  Extractor x2  
  58  8:40  Drone x9  
  67  8:47  Spire  
  66  9:01  Extractor  
  65  9:03  Drone x10  
  65  9:07  Extractor  
  65  9:08  Extractor  
  73  9:10  Overseer  
  73  9:26  Spore Crawler  
  73  9:28  Spore Crawler  
  71  9:34  Drone x3  
  71  9:35  Drone x9  
  71  9:38  Overlord x2, Drone  
  84  9:39  Spore Crawler  
  84  9:42  Spore Crawler  
  82  9:52  Drone x3  
  85  10:01  Mutalisk x6  
  85  10:03  Drone  
  98  10:11  Overseer  
  98  10:14  Mutalisk x2  
  102  10:23  Drone x8  
  110  10:38  Extractor  
  110  10:39  Extractor, Drone x8  
  114  10:46  Glial Reconstitution  
  114  10:48  Drone x2  
  99  10:59  Drone x5  
  101  11:10  Roach x2  
  101  11:11  Roach x3  
  111  11:18  Infestation Pit  
  110  11:19  Mutalisk x5  
  118  11:26  Extractor  
  113  11:34  Drone x2  
  113  11:35  Drone x2  
  113  11:36  Drone x8  
  125  11:41  Spore Crawler  
  125  11:43  Spine Crawler  
  125  11:44  Spine Crawler  
  122  11:47  Drone  
  122  11:48  Drone x3  
  122  11:50  Overlord x2  
  122  11:51  Overlord x3  
  122  11:54  Hatchery  
  125  11:55  Evolution Chamber, Hive  
  124  12:03  Evolution Chamber  
  121  12:11  Mutalisk x8  
  121  12:13  Drone x8  
  141  12:36  Drone x3  
  144  12:37  Drone  
  144  12:39  Drone x2  
  144  12:41  Drone x3  
  144  12:42  Drone x8  
  158  12:49  Zerg Melee Weapons Level 1, Hatchery  
  158  12:50  Zerg Ground Armor Level 1  
  157  12:51  Hatchery  
  157  12:53  Zerg Flyer Weapons Level 1  
  156  13:04  Mutalisk x6  
  156  13:05  Mutalisk x3  
  172  13:16  Extractor  
  172  13:17  Extractor, Spore Crawler  
  172  13:18  Overlord x4  
  172  13:19  Spine Crawler x2  
  159  13:29  Drone  
  159  13:30  Mutalisk x5, Drone x2  
  172  13:39  Adrenal Glands  
  170  13:46  Mutalisk x6  
  178  13:52  Drone x2  
  180  14:01  Ultralisk Cavern  
  179  14:14  Zergling x28  
  179  14:15  Zergling x14  
  200  14:19  Hatchery  
  181  14:31  Mutalisk x9  
  189  14:48  Zerg Ground Armor Level 2, Zerg Melee Weapons Level 2  
  189  14:49  Chitinous Plating  
  189  14:53  Pathogen Glands  
  189  15:09  Hatchery  
  188  15:14  Zergling x24  
  188  15:20  Baneling Nest  
  199  15:23  Extractor  
  199  15:26  Extractor  
  186  15:39  Drone  
  186  15:40  Drone x3  
  186  15:41  Drone x2  
  185  15:50  Neural Parasite  
  185  15:55  Mutalisk x11  
  185  15:56  Mutalisk  
  195  16:07  Baneling x8, Anabolic Synthesis  
  195  16:08  Baneling x23  
  195  16:10  Centrifugal Hooks  
  189  16:15  Mutalisk x5  
  195  16:19  Zergling x8  
  158  17:12  Ultralisk x6  
  158  17:13  Ultralisk  
  168  17:45  Ultralisk x5  
  168  17:47  Zergling x8  
  194  18:02  Zergling x12  
  200  18:06  Pneumatized Carapace  
  197  18:22  Zergling x16  
  197  18:23  Zergling x4  
Tags
 
Add a new tag
Caveats
  • Supply blocks, unpowered buildings, or Contaminate may cause inaccurate times.
  • Supply counts are checked every 10 seconds.